 Dungeon Crawl Stone Soup version 0.16.2-12-gd0ad4c3 (webtiles) character file.

30 Kira the Sneak (level 3, -2/16 HPs)
             Began as a Spriggan Enchanter on Oct 20, 2015.
             Killed from afar by Ijyb (6 damage)
             ... with a wand of flame
             ... on level 2 of the Dungeon.
             The game lasted 00:03:01 (774 turns).

Kira the Sneak (Spriggan Enchanter)                  Turns: 774, Time: 00:03:01

Health: -2/16      AC:  3    Str:  4    XL:     3   Next: 3%
Magic:  1/9        EV: 18    Int: 17    God:
Gold:   32         SH:  0    Dex: 16    Spells: 2 memorised, 4 levels left

rFire  . . .     SeeInvis +     a - +1 dagger
rCold  . . .     Clarity  .     b - +1 robe
rNeg   . . .     SustAb   .     (shield restricted)
rPois  .         Gourm    +     (helmet restricted)
rElec  .         Spirit   .     (no cloak)
rCorr  .         Warding  .     (gloves unavailable)
rMut   .         Stasis   .     (boots unavailable)
MR     .....                    k - amulet of the gourmand
Stlth  ++++......               (no ring)
                                (no ring)

@: very quick, not resistant to hostile enchantments, stealthy
A: unfitting armour, see invisible, herbivore 3, speed 3, slow metabolism 2
a: no special abilities


You were on level 2 of the Dungeon.
You were not hungry.

You visited 1 branch of the dungeon, and saw 2 of its levels.

You collected 32 gold pieces.

Inventory:

Hand weapons
 a - a +1 dagger (weapon)
Armour
 b - a +1 robe (worn)
Jewellery
 g - an uncursed amulet of regeneration
 k - an amulet of the gourmand (around neck)
Scrolls
 e - 2 scrolls of recharging {unknown}
 f - 2 scrolls of blinking {unknown}
 m - a scroll of remove curse {unknown}
 n - a scroll of identify {unknown}
Potions
 h - a potion of curing {unknown}
 i - a potion of agility {unknown}
 j - a potion of cancellation {unknown}
 l - 3 potions of might {unknown}
 o - a potion of restore abilities {unknown}
Books
 c - a book of Maledictions

   Spells                             Type                      Level
   a - Corona                         Hexes                        1
   b - Sure Blade                     Hexes/Charms                 2
   c - Ensorcelled Hibernation        Hexes/Ice                    2
   d - Confuse                        Hexes                        3
   e - Dazzling Spray                 Conjuration/Hexes            3
   f - Enslavement                    Hexes                        4
Comestibles
 d - 2 bread rations


   Skills:
 + Level 1.1 Short Blades
 + Level 3.1 Dodging
 + Level 5.6 Stealth
 + Level 2.9 Spellcasting
 + Level 4.1 Hexes


You had 4 spell levels left.
You knew the following spells:

 Your Spells              Type           Power        Failure   Level  Hunger
a - Corona                Hex            ###....      3%          1    None
b - Ensorcelled Hibernat  Hex/Ice        #.....       14%         2    ##.....


Dungeon Overview and Level Annotations

Branches:
Dungeon (2/15)

Altars:

Annotations:
D:2 Ijyb


Innate Abilities, Weirdness & Mutations

You are tiny and cannot use many weapons and most armour.
You have supernaturally acute eyesight.
You are a herbivore.
You cover ground extremely quickly.
You need consume almost no food.


Message History

Ijyb looks drowsy...
Ijyb shouts!
Found 11 gold pieces.
You hit Ijyb but do no damage. Ijyb barely misses you.
You hit Ijyb.
Ijyb is lightly wounded.
Ijyb hits you but does no damage.
You closely miss Ijyb.
Ijyb is lightly wounded.
Ijyb screams, "I dance on your bones!"
Ijyb zaps a wand.
The puff of flame hits you!
Ouch! That really hurt!
It is a wand of flame.
You closely miss Ijyb.
Ijyb is lightly wounded.
Ijyb zaps a wand.
The puff of flame hits you!
* * * LOW HITPOINT WARNING * * *
Your magical contamination has completely faded away.
Ijyb zaps a wand.
The puff of flame hits you!
You die...

....#.###..#### ..
....#<# #.....# ##.#
.
.>..#.###.###......#.
.†..#.##..# ##....
.........## #..<# ###
. ....#....### #..#
... .#
....##.....####.###.#
..#
######.#†#..........#
#..#
#.#.†..#<..@.####...#
#...#....###.## ...
###.#.#### #..##.###
#...# ##..g...# ...##
###?##.# ..## ..#
...# #.## ...# #$ #.#
..


You could see Ijyb.

Vanquished Creatures
  A giant mite (D:2)
  A giant gecko (D:2)
  2 goblins
  3 hobgoblins
  2 kobolds (D:1)
  3 bats
  2 giant newts (D:1)
  8 rats (D:1)
22 creatures vanquished.

Notes
Turn   | Place    | Note
--------------------------------------------------------------
     0 | D:1      | Kira, the Spriggan Enchanter, began the quest for the Orb.
     0 | D:1      | Reached XP level 1. HP: 9/9 MP: 4/4
   263 | D:1      | Reached XP level 2. HP: 10/13 MP: 7/7
   281 | D:1      | Learned a level 2 spell: Ensorcelled Hibernation
   327 | D:1      | Reached skill level 5 in Stealth
   748 | D:2      | Reached XP level 3. HP: 16/16 MP: 3/9
   764 | D:2      | Noticed Ijyb
   774 | D:2      | Killed from afar by Ijyb

Action                   || total
-------------------------++-------
Melee: Dagger            ||    40
 Cast: Ensorcelled Hiber ||     7
       Corona            ||     2
 Stab: Sleeping          ||    13
